 Dungeon Crawl Stone Soup version 0.30-a0-722-g3e6e8c874d (webtiles) character file.

Game seed: 1850164871526291175

196 kbot the Slasher (level 5, -12/47 HPs)
             Began as a Minotaur Berserker on Jan 28, 2023.
             Was a Believer of Trog.
             Killed from afar by Pikel (16 damage)
             ... with an iceblast
             ... on level 4 of the Dungeon.
             The game lasted 00:19:11 (2930 turns).

kbot the Slasher (Minotaur Berserker)               Turns: 2930, Time: 00:19:11

Health: -12/47     AC: 12    Str: 24    XL:     5   Next: 46%
Magic:  4/4        EV:  7    Int:  4    God:    Trog [**....]
Gold:   148        SH:  0    Dex:  9    Spells: 4/4 levels left

rFire   . . .      SeeInvis .    a - +0 falchion (protect)
rCold   . . .      Faith    .    (no shield)
rNeg    . . .      Spirit   .    i - +1 plate armour
rPois   .          Reflect  .    (helmet restricted)
rElec   .          Harm     .    (no cloak)
rCorr   .          Rampage  .    (no gloves)
Will    .....                    (no boots) Stlth
                                 (no amulet)
HPRegen 0.27/turn                k - ring of flight
MPRegen 0.09/turn                (no ring)

@: on berserk cooldown, flying
A: horns 2, retaliatory headbutt
a: Renounce Religion, Berserk, Trog's Hand


You were on level 4 of the Dungeon.
You worshipped Trog.
Trog was pleased with you.
You visited 1 branch of the dungeon, and saw 4 of its levels.

You collected 148 gold pieces.

Inventory:

Hand Weapons
 a - a +0 falchion of protection (weapon)
 c - a +0 sling
Armour
 b - a +0 animal skin
 e - a +1 ring mail
 i - a +1 plate armour (worn)
Jewellery
 k - a ring of flight (left hand)
Scrolls
 d - 4 scrolls of identify
 g - a scroll of enchant armour
 l - 2 scrolls of poison
Potions
 f - a potion of resistance {unknown}
 j - 2 potions of haste {unknown}


   Skills:
 + Level 4.6 Fighting
 + Level 4.8 Long Blades
 + Level 4.2 Armour
 + Level 3.5 Dodging
 + Level 0.6 Stealth


You had 4 spell levels left.
You didn't know any spells.
Your spell library contained the following spells:

 Spells                   Type           Power      Damage    Failure   Level
 Summon Ice Beast         Ice/Summ       0%         N/A       100%        4
 Summon Mana Viper        Hex/Summ       0%         N/A       100%        5
 Monstrous Menagerie      Summ           0%         N/A       100%        7


Dungeon Overview and Level Annotations

Branches:
Dungeon (4/15)
 Temple: D:4-7

Altars:

Annotations:
D:4 Pikel


Innate Abilities, Weirdness & Mutations

You have a pair of horns on your head.
You reflexively headbutt those who attack you in melee.


Message History

The hobgoblin hits you but does no damage.
The goblin hits you but does no damage. The jelly hits you but does no damage.
You hit the hobgoblin.
Your weapon exudes an aura of protection.
You kill the hobgoblin!
Trog accepts your kill. The goblin hits you but does no damage.
The jelly hits you but does no damage. The goblin hits you but does no damage.
The jelly closely misses you. You furiously retaliate!
You headbutt the jelly!
You kill the jelly!
Trog accepts your kill.
Your Armour skill increases to level 4!
You hit the goblin.
You kill the goblin!
Trog accepts your kill.
Your surroundings suddenly seem different.
Pikel and a lemure come into view.
Pikel is wielding a +1 whip of freezing and carrying a wand of iceblast (9).
A lemure comes into view.
The lemure shouts!
You hear a shout!
Pikel zaps a wand.
The mass of ice explodes!
The iceblast engulfs you.
You hear a shout!
You feel yourself speed up.
Pikel zaps a wand.
The mass of ice explodes!
The iceblast engulfs you!
* * * LOW HITPOINT WARNING * * *
A lemure comes into view.
A goblin comes into view. It is wielding a +0 club.
The goblin moves out of view.
Really read the scroll of immolation?
Uppercase [Y]es or [N]o only, please.
Really read the scroll of immolation?
As you read the scroll of immolation, it crumbles to dust.
The creatures around you are filled with an inner flame!
A lemure comes into view.
Pikel attacks as you move away! Pikel hits you but does no damage.
Pikel zaps a wand.
The mass of ice explodes!
The iceblast engulfs you!
* * * LOW HITPOINT WARNING * * *
You hear a shout!
Pikel zaps a wand.
The mass of ice explodes!
The iceblast engulfs you!
You die...

######## ############
#......############..........#
#............#..@..K5.5g.....#
#............#.....5.........#
#...###..............###5....#
....'........................##..
#†..######......#.##.....####....
............##..#.##.....# #....
#.......#.......#.##.....# #....
#.......#..#......##.....####....
#.#.....#..###...................


You could see Pikel (inner flame), 3 lemures and a goblin.

Vanquished Creatures
  2 jellies (D:4)
  An iguana (D:4)
  3 adders
  A worm (D:4)
  2 dart slugs
  4 orcs (D:4)
  7 endoplasms
  3 giant cockroaches
  5 goblins
  8 hobgoblins
  2 jackals (D:1)
  3 kobolds
  6 quokkas
  9 ball pythons
  5 bats
  4 frilled lizards (D:1)
  5 rats
70 creatures vanquished.

Notes
Turn   | Place    | Note
-------+----------+-------------------------------------------
     0 | D:1      | kbot the Minotaur Berserker began the quest for the Orb.
     0 | D:1      | Reached XP level 1. HP: 19/19 MP: 0/0
   411 | D:1      | Reached XP level 2. HP: 20/27 MP: 1/1
  1071 | D:1      | Reached ** piety under Trog
  1242 | D:2      | Reached XP level 3. HP: 33/33 MP: 2/2
  1953 | D:3      | Reached XP level 4. HP: 34/41 MP: 3/3
  2885 | D:4      | Reached XP level 5. HP: 28/47 MP: 4/4
  2918 | D:4      | Noticed Pikel
  2918 | D:4      | Noticed a lemure
  2918 | D:4      | Noticed a lemure
  2921 | D:4      | Noticed a lemure
  2922 | D:4      | Noticed a lemure
  2930 | D:4      | Killed from afar by Pikel

Illustrated notes

Levels and vault maps discovered:
D:1:      lightli_iron_boxes, layout_loops_corners, grunt_decor_cap,
          minmay_misc_feat_diagonals
D:2:      layout_loops_ring
D:3:      layout_loops_ring, serial_rivers, chequers_serial_rivers_room_a,
          chequers_serial_rivers_small_b, chequers_serial_rivers_small_a,
          chequers_serial_rivers_micro_b, chequers_serial_rivers_marsh,
          chequers_serial_rivers_small_a
D:4:      layout_basic, uniq_pikel

Skill      XL: |  1  2  3  4  5 |
---------------+----------------+-----
Fighting       | 4 |  4.6
Long Blades    | 4 |  4.8
Dodging        | 3 |  3.5
Armour         | 3 4 |  4.2
Stealth        | |  0.6

Action                     |  1- 3 |  4- 6 || total
---------------------------+-------+-------++-------
  Melee: Falchion          |   112 |    60 ||   172
         Headbutt          |    13 |    12 ||    25
 Invoke: Berserk           |       |     1 ||     1
    Use: Scroll            |     8 |     6 ||    14
   Stab: Sleeping          |     1 |       ||     1
 Armour: Animal skin       |    11 |       ||    11
         Ring mail         |    23 |       ||    23
         Plate armour      |    20 |    63 ||    83
  Dodge: Dodged            |   115 |    25 ||   140

Table legend: (Time is in decaauts)
 A = Elapsed time spent in this place.
 B = Non-inter-level travel time spent in this place.
 C = Inter-level travel time spent in this place.
 D = Time resting spent in this place.
 E = Time spent auto-exploring this place.
 F = Levels seen in this place.
 G = Mean time per level.
                   A        B        C        D        E       F      G
               +--------+--------+--------+--------+--------+-----+--------+
         Total |   2968 |   2967 |      1 |    200 |      0 |   4 |  742.0 |
       Dungeon |   2968 |   2967 |      1 |    200 |      0 |   4 |  742.0 |
               +--------+--------+--------+--------+--------+-----+--------+

Top non-repeatable levels by time:
     D:1: 1181 daAuts
     D:3: 770 daAuts
     D:2: 670 daAuts
     D:4: 346 daAuts
